 Dungeon Crawl Stone Soup version 0.28.0-53-g5a82cb258f (webtiles) character file.

Game seed: 11626794438551103011

853 pkoi the Insei (level 7, -3/62 HPs)
             Began as a Demigod Gladiator on May 25, 2022.
             Killed by divine providence
             ... invoked by an orc priest
              (13 damage)
             ... on level 6 of the Dungeon.
             The game lasted 00:10:38 (7404 turns).

pkoi the Insei (Demigod Gladiator)                  Turns: 7404, Time: 00:10:39

Health: -3/62      AC:  9    Str: 18 (19) XL:     7   Next: 42%
Magic:  11/11      EV: 13    Int:  7 (10) God:
Gold:   251        SH:  5    Dex: 22 (25) Spells: 6/8 levels left

rFire   . . .      SeeInvis .     - Unarmed
rCold   . . .      Faith    .   (no shield)
rNeg    . . .      Spirit   .   a - +0 leather armour
rPois   .          Reflect  +   b - +1 helmet
rElec   .          Harm     .   (no cloak)
rCorr   +          Rampage  .   p - +2 pair of gloves {Stlth+}
Will    +....                   n - +0 pair of boots
Stlth   +++.......              d - amulet of reflection
HPRegen 0.20/turn               s - +6 ring of dexterity
MPRegen 0.12/turn               x - ring of resist corrosion

@: flying
A: high MP 1, forlorn, divine attributes, strong-willed 1, robust 1, MP-powered
wands
a: no special abilities


You were on level 6 of the Dungeon.
You visited 2 branches of the dungeon, and saw 7 of its levels.

You collected 251 gold pieces.

Inventory:

Hand Weapons
 e - a +0 short sword
 h - a +1 dagger of speed
 w - a +3 trident of freezing
Missiles
 c - 5 throwing nets (quivered)
 v - 2 datura-tipped darts
Armour
 a - a +0 leather armour (worn)
 b - a +1 helmet (worn)
 n - a +0 pair of boots (worn)
 p - a +2 pair of gloves of stealth (worn)
Magical Staves
 g - a staff of fire
 q - a staff of cold
Jewellery
 d - an amulet of reflection (around neck)
 i - an amulet of magic regeneration
 s - a +6 ring of dexterity (left hand)
 x - a ring of resist corrosion (right hand)
Scrolls
 f - 2 scrolls of identify
 o - 2 scrolls of teleportation
 y - a scroll of enchant weapon
Potions
 m - a potion of resistance
 r - 3 potions of curing
 t - 2 potions of heal wounds
 u - a potion of berserk rage {unknown}


   Skills:
 - Level 3.0 Fighting
 - Level 1.7 Throwing
 - Level 3.0 Armour
 + Level 2.7 Dodging
 * Level 6.9 Unarmed Combat
 - Level 1.2 Spellcasting
 - Level 1.4 Translocations


You had 6 spell levels left.
You knew the following spells:

 Your Spells              Type           Power      Damage    Failure   Level
a - Blink                 Tloc           4%         N/A       38%         2

Your spell library contained the following spells:

 Spells                   Type           Power      Damage    Failure   Level
 Scorch                   Fire           0%         2d5       58%         2
 Lesser Beckoning         Tloc           2%         N/A       63%         3
 Flame Wave               Conj/Fire      0%         2d4       99%         4
 Manifold Assault         Tloc           2%         N/A       100%        5
 Summon Cactus Giant      Summ           0%         N/A       100%        6


Dungeon Overview and Level Annotations

Branches:
Dungeon (6/15)             Temple (1/1) D:4

Annotations:
D:2 Sigmund
D:5 2 transporters, Pikel; elongatedgoose's ghost, amateur MiFi


Innate Abilities, Weirdness & Mutations

You have an increased reservoir of magic. (+10% MP)
You shall have no god before yourself.
Your divine heritage dramatically boosts your attributes as you level up.
You are strong-willed. (Will+)
You are robust. (+10% HP)
You expend magic power (3 MP) to strengthen your wands.


Message History

You hit the orc warrior.
The orc warrior is severely wounded.
The orc warrior barely misses you.
You closely miss the orc warrior.
The orc warrior is severely wounded.
The orc warrior hits you with a +0 war axe.
* * * LOW HITPOINT WARNING * * *
You hit the orc warrior but do no damage.
The orc warrior is severely wounded.
You closely miss the orc warrior.
The orc warrior is severely wounded.
The orc warrior hits you with a +0 war axe!
* * * LOW HITPOINT WARNING * * *
The orc priest calls down the wrath of Beogh upon you.
Beogh smites you!
* * * LOW HITPOINT WARNING * * *
It was a potion of flight.
You feel very buoyant.
You fly up into the air.
The orc warrior hits you with a +0 war axe.
* * * LOW HITPOINT WARNING * * *
It was a potion of degeneration.
There was something very wrong with that liquid.
You feel weakened.
You feel dopey.
You feel clumsy.
The orc priest looks encouraged for a moment.
The orc warrior closely misses you.
It was a potion of mutation.
You feel extremely strange.
You feel robust.
You feel strong-willed.
You feel your magical essence link to the dungeon's wands.
You block the orc warrior's attack.
It was a potion of curing.
You feel better. The orc warrior misses you.
It was a potion of heal wounds.
You feel much better. The orc warrior closely misses you.
The orc priest calls down the wrath of Beogh upon you.
Beogh smites you!
* * * LOW HITPOINT WARNING * * *
There is a stone staircase leading up here.
The orc priest mumbles some strange prayers to Beogh against you.
Beogh smites you!
You die...

# . .###. .#... ....
#.o. ... #########
#.# #...@...# ##o#
#....o..# ###.S#
#.....S.# #...##
#.......########.###.
#......o.o.oo........
#.......########.##..
#.......# ..# #
#.......# (.##
#######.### #.#


You could see an orc warrior, an orc priest, an adder and an orc.

Vanquished Creatures
  A water moccasin (D:4)
  A necrophage (D:4)
  A black bear (D:5)
  An ogre (D:5)
  A phantom (D:4)
  A gnoll sergeant (D:5)
  A bullfrog zombie (D:5)
  A centaur skeleton (D:4)
  A hound skeleton (D:5)
  8 gnolls
  2 howler monkey skeletons (D:5)
  5 adders
  A white imp (D:5)
  5 worms
  8 dart slugs
  11 orcs
  6 ball pythons
  2 bats
  7 endoplasms
  2 giant cockroaches (D:1)
  8 goblins
  8 hobgoblins
  9 jackals
  10 kobolds
  A quokka (D:3)
  A frilled lizard (D:2)
  3 rats
106 creatures vanquished.

Notes
Turn   | Place    | Note
-------+----------+-------------------------------------------
     0 | D:1      | pkoi the Demigod Gladiator began the quest for the Orb.
     0 | D:1      | Reached XP level 1. HP: 17/17 MP: 3/3
    73 | D:1      | Reached skill level 3 in Unarmed Combat
   310 | D:1      | Reached XP level 2. HP: 21/24 MP: 4/4
   730 | D:1      | Reached XP level 3. HP: 8/29 MP: 5/5
  1495 | D:2      | Reached skill level 4 in Unarmed Combat
  1646 | D:2      | Noticed Sigmund
  2746 | D:2      | Reached XP level 4. HP: 33/37 MP: 6/6
  3911 | D:3      | Learned a level 2 spell: Blink
  4167 | D:4      | Reached XP level 5. HP: 45/45 MP: 7/7
  4317 | D:4      | Found a staircase to the Ecumenical Temple.
  4334 | Temple   | Entered the Ecumenical Temple
  5131 | D:4      | Reached skill level 5 in Unarmed Combat
  5131 | D:4      | Reached skill level 1 in Spellcasting
  5131 | D:4      | Reached skill level 1 in Translocations
  5228 | D:4      | Noticed a necrophage
  5242 | D:4      | Killed a necrophage
  5243 | D:4      | Reached skill level 1 in Armour
  5243 | D:4      | Reached XP level 6. HP: 46/51 MP: 10/10
  5411 | D:5      | Entered Level 5 of the Dungeon
  5711 | D:5      | Noticed a water moccasin
  5803 | D:4      | Killed a water moccasin
  5804 | D:4      | Reached skill level 6 in Unarmed Combat
  5901 | D:5      | Reached XP level 7. HP: 57/57 MP: 11/11
  6567 | D:5      | Found a transporter.
  6830 | D:5      | Noticed Pikel
  6844 | D:5      | Found a transporter.
  7138 | D:5      | Noticed elongatedgoose's ghost (amateur MiFi)
  7391 | D:6      | HP: 2/57 [orc warrior/+0 war axe (1)]
  7394 | D:6      | Gained mutation: You are robust. (+10% HP) [potion of
                  | mutation]
  7394 | D:6      | Gained mutation: You are strong-willed. (Will+) [potion of
                  | mutation]
  7394 | D:6      | Gained mutation: You expend magic power (3 MP) to
                  | strengthen your wands. [potion of mutation]
  7404 | D:6      | Killed from afar by an orc priest

Illustrated notes

Levels and vault maps discovered:
D:1:      lemuel_arrival_river_bridge, layout_basic,
          hellmonk_ecumenical_altar_dog_temple, minmay_tetromino_i2
D:2:      layout_rooms, basic_altar, uniq_sigmund
D:3:      kennysheep_slugbush, layout_loops_ring
D:4:      layout_basic, nicolae_ru_path_of_blood,
          minmay_temple_entry_glassed_door
D:5:      layout_loops_ring, gammafunk_ghost_abyssal_escape, uniq_pikel
D:6:      layout_rooms, gammafunk_ghost_split
Temple:   regret_index_temple_sigil_plot

Skill      XL: |  1  2  3  4  5  6  7 |
---------------+----------------------+-----
Unarmed Combat | 3 4 5 6 |  6.9
Fighting       | 2 3 |  3.0
Spellcasting   | 1 |  1.2
Translocations | 1 |  1.4
Armour         | 1 2 3 |  3.0
Throwing       | |  1.7
Dodging        | |  2.7

Action                   |  1- 3 |  4- 6 |  7- 9 || total
-------------------------+-------+-------+-------++-------
Melee: Unarmed           |   195 |   261 |    72 ||   528
       Punch             |     5 |    13 |     3 ||    21
  Use: Scroll            |     3 |     6 |       ||     9
       Potion            |       |       |     5 ||     5
 Stab: Sleeping          |     2 |     8 |     2 ||    12
Armor: Leather armour    |    57 |    69 |     9 ||   135
Dodge: Dodged            |   102 |   124 |    32 ||   258
Block: Other             |    42 |    50 |    15 ||   107
       Reflection        |     3 |       |       ||     3
